 Dungeon Crawl Stone Soup version 0.29-a0-275-g389c0b56f3 (webtiles) character file.

Game seed: 11000729682901133151

17 spaghetti the Slasher (level 2, 0/16 HPs)
             Began as a Vine Stalker Fighter on Mar 10, 2022.
             Was a Follower of Makhleb.
             Slain by a worm (5 damage)
             ... on level 2 of the Dungeon.
             The game lasted 00:01:05 (970 turns).

spaghetti the Slasher (Vine Stalker Fighter)         Turns: 970, Time: 00:01:06

Health: 0/16       AC:  6    Str: 18    XL:     2   Next: 62%
Magic:  0/3        EV:  9    Int:  8    God:    Makhleb [*.....]
Gold:   40         SH:  4    Dex: 13    Spells: 1/1 levels left

rFire   . . .      SeeInvis .   a - +0 long sword {long}
rCold   . . .      Faith    .   c - +0 buckler
rNeg    . . .      Spirit   +   b - +0 scale mail
rPois   .          Reflect  .   (no helmet)
rElec   .          Harm     .   (no cloak)
rCorr   .          Rampage  .   (no gloves)
Will    .....                   (no boots)
Stlth   ..........              (no amulet)
HPRegen 0.05/turn               (no ring)
MPRegen 0.08/turn               (no ring)

@: no status effects
A: fangs 2, magic shield, antimagic bite, no potion heal 2
a: Renounce Religion


You were on level 2 of the Dungeon.
You worshipped Makhleb.
Makhleb was aware of your devotion.
You visited 1 branch of the dungeon, and saw 2 of its levels.

You collected 40 gold pieces.


Innate Abilities, Weirdness & Mutations

You have extremely sharp teeth.
When hurt, damage is shared between your health and your magic reserves.
Your bite disrupts and absorbs the magic of your enemies.
Potions cannot restore your health.


   Skills:
 - Level 2.6 Fighting
 + Level 2.7 Long Blades
 - Level 2.4 Armour
 - Level 0.6 Stealth
 - Level 2.6 Shields


You had one spell level left.
You didn't know any spells.
Your spell library was empty.

Inventory:

Hand Weapons
 a - a +0 long sword (weapon) {long}
 g - a +2 dagger of draining {short}
   (You took it off a kobold on level 1 of the Dungeon)
Missiles
 e - 17 stones (quivered) {throwing}
 i - 3 poisoned darts {throwing}
Armour
 b - a +0 scale mail (worn)
 c - a +0 buckler (worn)
Scrolls
 h - a scroll of noise {unknown}
 m - a scroll of fog {unknown}
Potions
 d - a potion of might
 f - 2 potions of cancellation {unknown}
 j - a potion of degeneration {unknown}
 k - a potion of attraction {unknown}
 l - a potion of flight {unknown}

Dungeon Overview and Level Annotations

Branches:
Dungeon (2/15)

Altars:
Makhleb

Shops:
D:1

*
......####
.........#
..(......#
#........#
....(....#
.....(...#
.........#
......w@.+
#......[<#
##.......#
#.......#
..........
....###.###
.... #.#
... #.# #.


You could see a worm.


Message History

No target in view!
No target in view!
l - a sedimented emerald potion 😎 HP[+2] MP[+1]
Your hp is fully restored (16).
Your mp is fully restored (3).
e - 21 stones {throwing} (gained 1)
e - 22 stones {throwing} (gained 1) Key pressed, stopping explore.
m - a scroll labelled LET CAYGOQO You see here a human skeleton.
Key pressed, stopping explore.
You see here a human skeleton.
A frilled lizard comes into view.
The frilled lizard hisses angrily.
You see here a human skeleton.
A frilled lizard is nearby!
You barely miss the frilled lizard. You block the frilled lizard's attack.
The frilled lizard bites you. 😕 HP[-1]
You take 1 damage, and now have 15/16 hp.
A frilled lizard is nearby!
A frilled lizard is nearby!
You miss the frilled lizard. You bite the frilled lizard.
You kill the frilled lizard!
Makhleb accepts your kill.
You feel better. 😎 HP[+1]
Your hp is fully restored (16).
No target in view!
No target in view!
No target in view!
No target in view!
You now have 35 gold pieces (gained 10).
You now have 40 gold pieces (gained 5).
You see here a human skeleton.
You see here a human skeleton.
Key pressed, stopping explore.
Key pressed, stopping explore.
You see here a +0 ring mail.
There is a burning altar of Makhleb here.
There is a stone staircase leading down here.
Partly explored, can't reach some places.
Partly explored, can't reach some places.
(D) Dungeon
Where to? (? - help)
There is a stone staircase leading down here.
You climb downwards.
The hobgoblin shouts!
The endoplasm quivers.
There is a stone staircase leading up here.
There are monsters nearby!
Unknown command.
There are monsters nearby!
There are monsters nearby!
You throw a stone {throwing}.
The stone {throwing} hits the hobgoblin.
You throw a stone {throwing}.
The stone {throwing} closely misses the hobgoblin.
A worm comes into view.
You throw a stone {throwing}.
The stone {throwing} hits the hobgoblin but does no damage.
You throw a stone {throwing}.
The stone {throwing} hits the hobgoblin but does no damage.
You throw a stone {throwing}.
The stone {throwing} hits the hobgoblin.
You barely miss the hobgoblin. Your bite misses the hobgoblin.
The hobgoblin hits you.
The endoplasm hits you but does no damage.
The hobgoblin hits you.
You are too injured to fight recklessly!
You are too injured to fight recklessly! 😮 HP[-5] MP[-1]
You take 5 damage, and now have 11/16 hp.
MASSIVE DAMAGE!! (PAUSE)
You lost 1 mp, and now have 2/3 mp.
You slash the endoplasm!
You kill the endoplasm!
Makhleb accepts your kill. The hobgoblin closely misses you.
You barely miss the hobgoblin. You bite the hobgoblin. You drain its power.
You feel invigorated.
The hobgoblin barely misses you. 😮 MP[+1]
Your mp is fully restored (3).
You hit the hobgoblin.
You kill the hobgoblin!
Makhleb accepts your kill.
You feel better. 😮 HP[+1]
You block the worm's attack.
You hit the worm. Your bite misses the worm. The worm bites you!
Ouch! That really hurt!
* * * LOW HITPOINT WARNING * * *
😨 HP[-7] MP[-1]
You take 7 damage, and now have 5/16 hp.
MASSIVE DAMAGE!! (PAUSE)
You lost 1 mp, and now have 2/3 mp.
You hit the worm. The worm completely misses you.
You hit the worm. You hit the worm. The worm bites you!
You die...

Skill      XL: |  1 |
---------------+----+-----
Long Blades    | 2 |  2.7
Fighting       | |  2.6
Armour         | |  2.4
Stealth        | |  0.6
Shields        | |  2.6

Action                   || total
-------------------------++-------
Melee: Long sword        ||    35
       Bite              ||     7
Throw: Stone             ||    26
Armor: Scale mail        ||     9
Dodge: Dodged            ||    10
Block: Buckler           ||     5

Levels and vault maps discovered:
D:1:      scummos_arrival_simple_fountains, layout_loops_ring,
          basic_ecumenical_altar, serial_shops, nicolae_shop_crystal,
          wander_ebering_terrifying_dragon_lair
D:2:      layout_basic, minmay_tetromino_t4, uniq_jessica

Notes
Turn   | Place    | Note
-------+----------+-------------------------------------------
     0 | D:1      | spaghetti the Vine Stalker Fighter began the quest for the
                  | Orb.
     0 | D:1      | Reached XP level 1. HP: 11/11 MP: 2/2
     0 | D:1      | magus.rc [v1.9.6]
    18 | D:1      | Found a faded altar of an unknown god.
    31 | D:1      | Prayed at the altar of an unknown god.
    31 | D:1      | Became a worshipper of Makhleb the Destroyer
    31 | D:1      | Reached * piety under Makhleb
    67 | D:1      | Reached skill level 2 in Long Blades
   308 | D:1      | Found Caetrat's General Store.
   329 | D:1      | Reached XP level 2. HP: 14/16 MP: 3/3
   970 | D:2      | Slain by a worm

Vanquished Creatures
  5 endoplasms
  A giant cockroach (D:1)
  A hobgoblin (D:2)
  A quokka (D:1)
  A ball python (D:1)
  A bat (D:1)
  3 frilled lizards (D:1)
  2 kobolds (D:1)
  2 rats (D:1)
17 creatures vanquished.

Table legend:
 A = Non-vault XP
 B = Vault XP
 C = Vault XP percentage of total XP
 D = Non-vault monster count
 E = Vault monster count
 F = Vault count percentage of total count
                 A         B        C        D         E       F
            +---------+---------+-------+---------+---------+-------
      Total |      24 |       1 |   4.0 |      16 |       1 |   5.9
            +---------+---------+-------+---------+---------+-------
        D:1 |      20 |       1 |   4.8 |      14 |       1 |   6.7
        D:2 |       4 |       0 |   0.0 |       2 |       0 |   0.0
            +---------+---------+-------+---------+---------+-------

Illustrated notes

Table legend:
 A = Kills in this place as a percentage of kills in entire the game.
 B = Kills by you in this place as a percentage of kills by you in the entire game.
 C = Kills by friends in this place as a percentage of kills by friends in the entire game.
 D = Other kills in this place as a percentage of other kills in the entire game.
 E = Experience gained in this place as a percentage of experience gained in the entire game.
 F = Experience gained in this place divided by the number of levels of this place that you have seen.
                   A       B       C       D       E      F
               +-------+-------+-------+-------+-------+----------------------
         Total | 100.0 | 100.0 |   N/A |   N/A | 100.0 |  12.5
       Dungeon | 100.0 | 100.0 |   N/A |   N/A | 100.0 |  12.5
               +-------+-------+-------+-------+-------+----------------------

Table legend: (Time is in decaauts)
 A = Elapsed time spent in this place.
 B = Non-inter-level travel time spent in this place.
 C = Inter-level travel time spent in this place.
 D = Time resting spent in this place.
 E = Time spent auto-exploring this place.
 F = Levels seen in this place.
 G = Mean time per level.
                   A        B        C        D        E       F      G
               +--------+--------+--------+--------+--------+-----+--------+
         Total |    985 |    976 |      9 |     63 |    791 |   2 |  492.5 |
       Dungeon |    985 |    976 |      9 |     63 |    791 |   2 |  492.5 |
               +--------+--------+--------+--------+--------+-----+--------+

Top non-repeatable levels by time:
     D:1: 968 daAuts
     D:2: 16 daAuts
